 Dungeon Crawl Stone Soup version 0.23-a0-550-g7de1f8ee9f (webtiles) character file.

10304 elgeorgio the Cleaver (level 11, -11/102 HPs)
             Began as a Hill Orc Berserker on Dec 8, 2018.
             Was an Elder of Trog.
             Shot with a bolt by an orc warlord (35 damage)
             ... on level 2 of the Orcish Mines on Dec 9, 2018.
             The game lasted 04:04:47 (14790 turns).

elgeorgio the Cleaver (Hill Orc Berserker)         Turns: 14790, Time: 04:05:05

Health: -11/102    AC: 13    Str: 27    XL:     11   Next: 60%
Magic:  11/11      EV:  9    Int:  7    God:    Trog [****..]
Gold:   409        SH:  0    Dex: 12    Spells: 10/10 levels left

rFire    x . .     SeeInvis +   a - +3 hand axe
rCold    + . .     Gourm    +   (no shield)
rNeg     . . .     Faith    .   w - +0 chain mail {rPois}
rPois    +         Spirit   .   G - +0 helmet {SInv}
rElec    .         Reflect  .   (no cloak)
rCorr    .         Harm     .   (no gloves)
MR       ++...                  (no boots)
Stlth    ..........             m - amulet of the gourmand
HPRegen  1.27/turn              y - +2 ring of dexterity
MPRegen  0.12/turn              z - ring of Rulusido {Ice Str+3}

@: regenerating, drained
A: no striking features
a: Berserk, Trog's Hand, Brothers in Arms, Renounce Religion, Convert to Beogh


You were on level 2 of the Orcish Mines.
You worshipped Trog.
Trog was greatly pleased with you.
You were completely stuffed.

You visited 2 branches of the dungeon, and saw 11 of its levels.

You collected 409 gold pieces.

Inventory:

Hand Weapons
 a - a +3 hand axe (weapon)
 O - a +1 flail of holy wrath
Armour
 w - a +0 chain mail of poison resistance (worn)
 F - a +1 hat of magic resistance
 G - a +0 helmet of see invisible (worn)
Jewellery
 b - an uncursed amulet of harm {unknown}
 l - an uncursed ring of poison resistance
 m - an amulet of the gourmand (around neck)
 u - an uncursed amulet of faith
 x - an uncursed ring of stealth
 y - a +2 ring of dexterity (left hand)
 z - the ring of Rulusido (right hand) {Ice Str+3}
   (You took it off an orc on level 6 of the Dungeon)

   [ring of ice]

   It enhances your ice magic.
   It affects your strength (+3).
   It makes you vulnerable to fire.
   It protects you from cold.
 D - an uncursed ring of protection from magic {unknown}
Wands
 h - a wand of polymorph (16)
 I - a wand of disintegration (7)
 J - a wand of random effects (16)
 K - a wand of acid (7)
Scrolls
 d - a scroll of fear {unknown}
 e - 2 scrolls of amnesia
 i - a scroll of enchant weapon
 j - 2 scrolls of blinking {unknown}
 k - a scroll of noise
 n - a scroll of fog {unknown}
 p - a scroll of random uselessness {unknown}
 q - 5 scrolls of remove curse
 s - 7 scrolls of teleportation
 t - a scroll of enchant armour {unknown}
 v - 2 scrolls of magic mapping {unknown}
 A - 2 scrolls of immolation {unknown}
Potions
 f - 2 potions of invisibility
 g - 2 potions of mutation
 o - 2 potions of lignification {unknown}
 r - a potion of berserk rage {unknown}
 B - a potion of brilliance {unknown}
 C - 2 potions of haste
 E - 4 potions of curing
 H - a potion of flight {unknown}
 N - 3 potions of magic
Comestibles
 c - 12 rations
 L - 2 chunks of flesh


   Skills:
 * Level 11.1(10.4) Fighting
 * Level 14.4(13.7) Axes
 - Level 11.6(10.9) Armour
 - Level 1.5(1.0) Dodging
 - Level 1.8(1.2) Stealth
 - Level 0.2(0.0) Unarmed Combat


You had 10 spell levels left.
You didn't know any spells.
Your spell library was empty.

Dungeon Overview and Level Annotations

Branches:
Dungeon (9/15)             Temple (0/1) D:7            Lair (0/6) D:8
    Orc (2/2) D:9
    Elf: Orc:2

Altars:
Dithmenos
Fedhas
Gozag
Kikubaaqudgha
Nemelex Xobeh
Okawaru
Qazlal
Ru
Sif Muna
Trog
Xom
Yredelemnul
The Shining One
Beogh


Message History

The puff of flame hits the orc wizard.
You closely miss the orc wizard.
The orc wizard is almost dead.
The orc priest shouts, "Join the one true god or die!"
You hit the orc priest but do no damage.
The orc warlord shoots a bolt.
The bolt hits you!! The orc wizard misses you.
The orc priest closely misses you. The orc hits you but does no damage.
You hit the orc priest.
You kill the orc priest!
Trog accepts your kill.
You closely miss the orc wizard. You barely miss the orc wizard.
The orc priest shouts, "Surrender to Beogh and we'll let you live!"
You hit the orc wizard.
The orc priest invokes the aid of Beogh against you.
Beogh smites you!
* * * LOW HITPOINT WARNING * * *
The orc wizard barely misses you. The orc wizard closely misses you.
The orc closely misses you.
The orc warlord shoots a bolt.
The bolt barely misses the orc wizard.
The bolt hits you!!
You die...

$.............o
......... .....
...........o.#.
...............
. ..o...#......
...#.o........#
......[)o......
......[@o......
#......[oo....^
##.............
##.(..#.......
##... .....#.
##.. .#.....
### #......
#.....


You could see an orc warlord, 3 orc priests, 3 orc wizards and an orc.

Vanquished Creatures
  Gastronok (D:8)
  Harold (D:9)
  A two-headed ogre (D:9)
  2 orc sorcerers (Orc:2)
  A cyclops (Orc:1)
  Maurice (D:9)
  A polar bear (D:8)
  A hippogriff (D:8)
  A yak (D:8)
  A hungry ghost (D:8)
  2 wargs
  A black bear (D:7)
  4 ice beasts (D:8)
  3 sky beasts
  A hornet zombie (D:9)
  12 orc warriors
  2 phantoms
  4 ogres
  4 centaurs
  2 big kobolds
  3 bullfrogs
  4 killer bees (D:8)
  4 wights (D:9)
  An electric eel (D:8)
  A howler monkey (D:5)
  A crimson imp (D:6)
  A centaur zombie (D:8)
  A bullfrog zombie (D:7)
  6 hounds
  2 jellies
  A bullfrog skeleton (D:8)
  8 orc priests
  2 quasits
  7 orc wizards
  Ijyb (D:5)
  4 iguanas
  3 worker ants
  A bullfrog simulacrum (D:8)
  A hound skeleton (D:9)
  A howler monkey zombie (D:7)
  7 gnolls
  9 adders
  3 hound simulacra (D:8)
  2 shadow imps
  A white imp (D:8)
  An adder zombie (D:7)
  An adder skeleton (D:9)
  2 worms
  3 leopard geckos
  43 orcs
  3 giant cockroaches
  5 goblins
  4 hobgoblins
  5 jackals
  15 kobolds
  5 quokkas
  5 bats
  3 frilled lizards
  A leopard gecko zombie (D:7)
  7 rats
224 creatures vanquished.

Notes
Turn   | Place    | Note
-------+----------+-------------------------------------------
     0 | D:1      | elgeorgio the Hill Orc Berserker began the quest for the
                  | Orb.
     0 | D:1      | Reached XP level 1. HP: 19/19 MP: 1/1
   123 | D:1      | Reached XP level 2. HP: 24/27 MP: 2/2
   621 | D:2      | Reached XP level 3. HP: 27/33 MP: 3/3
   712 | D:2      | Found an iron altar of Okawaru.
   830 | D:2      | Reached skill level 5 in Axes
  1603 | D:3      | Found an ancient bone altar of Kikubaaqudgha.
  1608 | D:3      | Found a shadowy altar of Dithmenos.
  1848 | D:3      | Reached XP level 4. HP: 9/40 MP: 4/4
  2547 | D:3      | Found an opulent altar of Gozag.
  2549 | D:3      | Found a shimmering altar of Xom.
  2574 | D:3      | Found a sparkling altar of Nemelex Xobeh.
  3336 | D:4      | Reached XP level 5. HP: 32/47 MP: 5/5
  3546 | D:4      | Found a bloodstained altar of Trog.
  4053 | D:5      | Entered Level 5 of the Dungeon
  4132 | D:5      | Noticed an ogre
  4184 | D:5      | Killed an ogre
  4399 | D:5      | Noticed Ijyb
  4432 | D:5      | Killed Ijyb
  4432 | D:5      | Reached skill level 6 in Axes
  4432 | D:5      | Reached XP level 6. HP: 51/53 MP: 6/6
  4499 | D:5      | Reached skill level 5 in Armour
  4514 | D:5      | Reached ** piety under Trog
  4544 | D:5      | Reached skill level 5 in Fighting
  4905 | D:5      | Noticed a phantom
  5652 | D:5      | Killed a phantom
  5652 | D:5      | Reached XP level 7. HP: 26/61 MP: 7/7
  6225 | D:5      | Reached skill level 7 in Axes
  7139 | D:6      | Found a deep blue altar of Sif Muna.
  7277 | D:6      | Reached XP level 8. HP: 46/70 MP: 8/8
  7472 | D:6      | Reached skill level 8 in Axes
  7472 | D:6      | Reached skill level 1 in Stealth
  7804 | D:6      | Found a sacrificial altar of Ru.
  7902 | D:6      | Identified the ring of Rulusido {Ice Str+3}
  8004 | D:7      | Noticed an angel
  8546 | D:7      | Found a blossoming altar of Fedhas.
  8604 | D:7      | Reached skill level 9 in Axes
  9149 | D:7      | Reached XP level 9. HP: 78/78 MP: 9/9
  9578 | D:7      | Found a staircase to the Ecumenical Temple.
  9950 | D:8      | Reached skill level 10 in Axes
  9954 | D:8      | Reached *** piety under Trog
 10259 | D:8      | Found a staircase to the Lair.
 10303 | D:8      | Noticed Gastronok
 10487 | D:8      | Killed Gastronok
 10487 | D:8      | Reached skill level 11 in Axes
 10487 | D:8      | Reached skill level 10 in Armour
 10487 | D:8      | Reached XP level 10. HP: 81/91 MP: 10/10
 10906 | D:8      | Found a basalt altar of Yredelemnul.
 10941 | D:8      | Found a glowing golden altar of the Shining One.
 11395 | D:8      | Reached skill level 12 in Axes
 11782 | D:9      | Noticed Maurice
 11802 | D:9      | Killed Maurice
 11979 | D:9      | Noticed a two-headed ogre
 12068 | D:9      | Found a staircase to the Orcish Mines.
 12109 | D:9      | Found a stormy altar of Qazlal.
 12120 | D:9      | Noticed Harold
 12162 | D:9      | Killed Harold
 12162 | D:9      | Reached skill level 10 in Fighting
 12162 | D:9      | Reached XP level 11. HP: 58/100 MP: 11/11
 12855 | D:9      | Found a transporter.
 12855 | D:9      | Found a transporter.
 12860 | D:9      | Found a roughly hewn altar of Beogh.
 13483 | D:9      | Reached **** piety under Trog
 13492 | D:9      | Killed a two-headed ogre
 13492 | D:9      | Reached skill level 13 in Axes
 13552 | D:9      | Received a gift from Trog
 13807 | Orc:1    | Entered Level 1 of the Orcish Mines
 13810 | Orc:1    | Noticed a cyclops
 14060 | Orc:1    | Killed a cyclops
 14273 | Orc:2    | Entered Level 2 of the Orcish Mines
 14273 | Orc:2    | Noticed an orc warlord
 14273 | Orc:2    | Noticed an orc sorcerer
 14277 | Orc:2    | Noticed an orc sorcerer
 14279 | Orc:2    | Killed an orc sorcerer
 14279 | Orc:2    | Reached skill level 14 in Axes
 14608 | Orc:2    | Killed an orc sorcerer
 14790 | Orc:2    | Shot with a bolt by an orc warlord

Vault maps used:
D:1:      minmay_arrival_four_houses
D:2:      okawaru_trees_1
D:3:      nicolae_overflow_hidden_temple, grunt_temple_overflow_open,
          serial_bayou_lagoon_a, kennysheep_decorative_pillar
D:4:      fountainhead, serial_bayou_pond_c, bloody_trog
D:5:      first_ration, uniq_ijyb
D:6:      nicolae_ru_path_of_blood, lemuel_crystal_altar,
          hangedman_minor_gate_pass
D:7:      old_standard_altar, zin_angel, minmay_temple_entry_wispy
D:8:      kennysheep_mini, marbit_many_paths, lair_entry_dummy, serial_ice,
          serial_ice_o, serial_ice_l, serial_ice_e, serial_ice_d, uniq_gastronok
D:9:      gammafunk_beogh_shrine, nicolae_qazlal_general_emergency, orc_0_dummy,
          uniq_harold, uniq_maurice
Orc:1:    uniq_urug
Orc:2:    pf_orc_diabolical

Skill      XL: |  1  2  3  4  5  6  7  8  9 10 11 |
---------------+----------------------------------+-----
Fighting       | 4 5 6 9 10 11 | 11.1
Axes           | 5 6 7 9 11 12 14 | 14.4
Armour         | 3 4 5 6 8 10 11 | 11.6
Stealth        | 1 |  1.8
Dodging        | |  1.5
Unarmed Combat | |  0.2

Action                   |  1- 3 |  4- 6 |  7- 9 | 10-12 || total
-------------------------+-------+-------+-------+-------++-------
Melee: Hand axe          |   119 |   179 |   331 |   354 ||   983
       Unarmed           |       |    15 |       |       ||    15
Invok: Berserk           |       |     3 |     9 |     8 ||    20
       Trog's Hand       |       |       |     3 |     1 ||     4
  Use: Potion            |     3 |     6 |       |       ||     9
       Scroll            |       |     9 |     5 |     2 ||    16
 Stab: Sleeping          |       |       |     2 |       ||     2
  Eat: Chunk             |     3 |    25 |    27 |    27 ||    82
       Ration            |       |       |     1 |     1 ||     2
Armor: Ring mail         |    26 |    44 |    75 |       ||   145
       Animal skin       |     1 |       |       |       ||     1
       Skin              |       |     1 |       |       ||     1
       Chain mail        |       |       |    10 |   127 ||   137
Dodge: Dodged            |    58 |    83 |   139 |   126 ||   406

Table legend:
 A = Non-vault XP
 B = Vault XP
 C = Vault XP percentage of total XP
 D = Non-vault monster count
 E = Vault monster count
 F = Vault count percentage of total count
                 A         B        C        D         E       F
            +---------+---------+-------+---------+---------+-------
      Total |    8360 |    6360 |  43.2 |     194 |      30 |  13.4
            +---------+---------+-------+---------+---------+-------
        D:1 |      29 |       0 |   0.0 |      18 |       0 |   0.0
        D:2 |      34 |       0 |   0.0 |      13 |       0 |   0.0
        D:3 |      47 |       0 |   0.0 |      13 |       0 |   0.0
        D:4 |      69 |       0 |   0.0 |       3 |       0 |   0.0
        D:5 |     664 |      36 |   5.1 |      19 |       1 |   5.0
        D:6 |     496 |     263 |  34.7 |      13 |       3 |  18.8
        D:7 |    1096 |       0 |   0.0 |      34 |       0 |   0.0
        D:8 |    1847 |    3328 |  64.3 |      29 |      11 |  27.5
        D:9 |     867 |    2733 |  75.9 |      18 |      15 |  45.5
      Orc:1 |    1675 |       0 |   0.0 |      22 |       0 |   0.0
      Orc:2 |    1536 |       0 |   0.0 |      12 |       0 |   0.0
            +---------+---------+-------+---------+---------+-------
